LOFF
EL PASO FINOS @ ODESSA COWHANDS
09/13/1905
 
TOP OF THE 1ST
El Paso Finos batting - Pitching for Odessa Cowhands : LHP Patricio Rodríguez
Pitching: LHP Patricio Rodríguez
Batting: SHB Lisco Velasco 0-0: Bunt for hit to P - play at first, batter safe!
Batting: RHB Félix Torres 0-0: Called Strike
0-1: Ball
1-1: Ball
2-1: Ball
3-1: Foul Ball, location: 23FF
3-2: Foul Ball, location: 3F
3-2: Base on Balls
Lisco Velasco to second
Batting: LHB Gerardo de los Santos 0-0: Ball
1-0: Called Strike
1-1: Ball
2-1: SINGLE (Line Drive, 7LS, EV 149 KM/H)
Lisco Velasco to third
Félix Torres to second
Throwing error, E7
Lisco Velasco scores
Félix Torres to third
Gerardo de los Santos to second
Batting: LHB Luciano Yáñez 0-0: Ball
1-0: Hit by Pitch
Batting: LHB Ambrosio Manjarres 0-0: Ball
1-0: Swinging Strike
1-1: Fielders Choice at 2nd, 4-6 (Groundball, 4S, EV 137 KM/H)
Félix Torres scores
Gerardo de los Santos to third
Batting: RHB John Yates 0-0: Foul Ball, location: 5F
0-1: Swinging Strike
0-2: Foul Ball, location: 3F
0-2: Strikes out looking
Batting: RHB Pat Taylor 0-0: Ball
1-0: Fly out, F7 (Flyball, 7D, EV 169 KM/H)
Top of the 1st over - 2 runs, 2 hits, 1 error, 2 left on base; El Paso 2 - Odessa 0
BOTTOM OF THE 1ST
Odessa Cowhands batting - Pitching for El Paso Finos : RHP Salomón Salazar
Pitching: RHP Salomón Salazar
Batting: LHB Alfredo Fuentes 0-0: Ball
1-0: Foul Ball, location: 2F
1-1: Foul Ball, location: 2F
1-2: Ground out 6-3 (Groundball, 6, EV 129 KM/H)
Batting: SHB Isaac May 0-0: Called Strike
0-1: Fly out, F4 (Line Drive, 4D, EV 124 KM/H)
Batting: SHB Esdras Jiménez 0-0: Ball
1-0: Ball
2-0: Ball
3-0: Base on Balls
Batting: RHB Aristarco Luiz 0-0: Foul Ball, location: 5FF
0-1: Called Strike
0-2: Ball
1-2: Foul Ball, location: 5SF
1-2: Foul Ball, location: 5F
1-2: SINGLE (Line Drive, 4D, EV 170 KM/H)
Esdras Jiménez to second
Runner from 2nd tries for 3rd, SAFE, throw by RF made to third
Batting: RHB Gerardo Vázquez 0-0: Ground out 5-3 (Groundball, 56, EV 167 KM/H)
Bottom of the 1st over - 0 runs, 1 hit, 0 errors, 2 left on base; El Paso 2 - Odessa 0
TOP OF THE 2ND
El Paso Finos batting - Pitching for Odessa Cowhands : LHP Patricio Rodríguez
Batting: RHB Gabriel Ávila 0-0: Called Strike
0-1: Ball
1-1: Ground out 6-3 (Groundball, 6MS, EV 131 KM/H)
Batting: RHB Ernesto Espino 0-0: Fly out, F9 (Flyball, 89M, EV 133 KM/H)
Batting: SHB Lisco Velasco 0-0: Called Strike
0-1: Called Strike
0-2: Strikes out looking
Top of the 2nd over - 0 runs, 0 hits, 0 errors, 0 left on base; El Paso 2 - Odessa 0
BOTTOM OF THE 2ND
Odessa Cowhands batting - Pitching for El Paso Finos : RHP Salomón Salazar
Batting: RHB Eligio Ortiz 0-0: Ball
1-0: Swinging Strike
1-1: Foul Ball, location: 2F
1-2: Fly out, F7 (Flyball, 7S, EV 138 KM/H)
Batting: RHB Tibulo Piñeda 0-0: Called Strike
0-1: Ball
1-1: Fly out, F2 (Popup, 3SF, EV 130 KM/H)
Batting: RHB Adrián Méndez 0-0: Ball
1-0: Called Strike
1-1: Called Strike
1-2: Ground out 6-3 (Groundball, 6, EV 166 KM/H)
Bottom of the 2nd over - 0 runs, 0 hits, 0 errors, 0 left on base; El Paso 2 - Odessa 0
TOP OF THE 3RD
El Paso Finos batting - Pitching for Odessa Cowhands : LHP Patricio Rodríguez
Batting: RHB Félix Torres 0-0: Ball
1-0: Called Strike
1-1: Called Strike
1-2: Ball
2-2: Ball
3-2: SINGLE (Line Drive, 7S, EV 139 KM/H)
Batting: LHB Gerardo de los Santos 0-0: Ball
1-0: Foul Ball, location: 7LSF
1-1: Ground out 6-3 (Groundball, 6MS, EV 112 KM/H)
Félix Torres to second
Batting: LHB Luciano Yáñez 0-0: Ball
1-0: Ball
2-0: Swinging Strike
2-1: Foul Ball, location: 2F
2-2: Ball
3-2: Foul Ball, location: 2F
3-2: Strikes out looking
Batting: LHB Ambrosio Manjarres 0-0: Called Strike
0-1: Foul Ball, location: 3DF
0-2: Ball
1-2: Strikes out looking
Top of the 3rd over - 0 runs, 1 hit, 0 errors, 1 left on base; El Paso 2 - Odessa 0
BOTTOM OF THE 3RD
Odessa Cowhands batting - Pitching for El Paso Finos : RHP Salomón Salazar
Batting: RHB Juan Sánchez 0-0: Called Strike
0-1: Ball
1-1: Called Strike
1-2: Fly out, F8 (Line Drive, 8LS, EV 171 KM/H)
Batting: LHB Alfredo Fuentes 0-0: Ball
1-0: Ground out 4-3 (Groundball, 4S, EV 143 KM/H)
Batting: SHB Isaac May 0-0: Swinging Strike
0-1: Called Strike
0-2: Ball
1-2: Foul Ball, location: 2F
1-2: Foul Ball, location: 9LMF
1-2: Ball
2-2: Strikes out looking
Bottom of the 3rd over - 0 runs, 0 hits, 0 errors, 0 left on base; El Paso 2 - Odessa 0
TOP OF THE 4TH
El Paso Finos batting - Pitching for Odessa Cowhands : LHP Patricio Rodríguez
Batting: RHB John Yates 0-0: Ball
1-0: Fly out, F8 (Line Drive, 8LM, EV 167 KM/H)
Batting: RHB Pat Taylor 0-0: Ball
1-0: Fly out, F5 (Line Drive, 5D, EV 112 KM/H)
Batting: RHB Gabriel Ávila 0-0: SINGLE (Groundball, 6M, EV 173 KM/H) (infield hit)
Batting: RHB Ernesto Espino 0-0: TRIPLE (Line Drive, 78XD, EV 171 KM/H)
Gabriel Ávila scores
Batting: SHB Lisco Velasco 0-0: Ball
1-0: Ball
2-0: Swinging Strike
2-1: Ground out 6-3 (Groundball, 6S, EV 104 KM/H)
Top of the 4th over - 1 run, 2 hits, 0 errors, 1 left on base; El Paso 3 - Odessa 0
BOTTOM OF THE 4TH
Odessa Cowhands batting - Pitching for El Paso Finos : RHP Salomón Salazar
Batting: SHB Esdras Jiménez 0-0: Ground out 3-1 (Groundball, 34, EV 136 KM/H)
Batting: RHB Aristarco Luiz 0-0: Called Strike
0-1: Fly out, F6 (Line Drive, 6, EV 104 KM/H)
Batting: RHB Gerardo Vázquez 0-0: Called Strike
0-1: SINGLE (Groundball, 6D, EV 160 KM/H)
Batting: RHB Eligio Ortiz 0-0: Ball
1-0: Foul Ball, location: 7LSFF
1-1: Ball
2-1: Foul Ball, location: 25F
2-2: Ball
3-2: DOUBLE (Flyball, 78D, EV 171 KM/H)
Gerardo Vázquez to third
Gerardo Vázquez scores
Batting: RHB Tibulo Piñeda 0-0: Ball
1-0: Called Strike
1-1: SINGLE (Groundball, 4MD, EV 157 KM/H)
Eligio Ortiz to third
Runner from 3rd tries for Home, SAFE, throw by CF to home
Tibulo Piñeda to second
Batting: RHB Adrián Méndez 0-0: Fly out, F6 (Line Drive, 6, EV 97 KM/H)
Bottom of the 4th over - 2 runs, 3 hits, 0 errors, 1 left on base; El Paso 3 - Odessa 2
TOP OF THE 5TH
El Paso Finos batting - Pitching for Odessa Cowhands : LHP Patricio Rodríguez
Batting: RHB Félix Torres 0-0: Ball
1-0: Foul Ball, location: 23F
1-1: Ground out 6-3 (Groundball, 56, EV 135 KM/H)
Batting: LHB Gerardo de los Santos 0-0: Foul Ball, location: 2F
0-1: Called Strike
0-2: Strikes out swinging
Batting: LHB Luciano Yáñez 0-0: Called Strike
0-1: Ball
1-1: Ball
2-1: Ground out U3 (Groundball, 3, EV 137 KM/H)
Top of the 5th over - 0 runs, 0 hits, 0 errors, 0 left on base; El Paso 3 - Odessa 2
BOTTOM OF THE 5TH
Odessa Cowhands batting - Pitching for El Paso Finos : RHP Salomón Salazar
Batting: RHB Juan Sánchez 0-0: Ball
1-0: Ball
2-0: Called Strike
2-1: Ball
3-1: Called Strike
3-2: Fly out, F6 (Popup, 6S, EV 125 KM/H)
Batting: LHB Alfredo Fuentes 0-0: Called Strike
0-1: Called Strike
0-2: Strikes out swinging
Batting: SHB Isaac May 0-0: Ball
1-0: Called Strike
1-1: Fly out, F6 (Line Drive, 6M, EV 101 KM/H)
Bottom of the 5th over - 0 runs, 0 hits, 0 errors, 0 left on base; El Paso 3 - Odessa 2
TOP OF THE 6TH
El Paso Finos batting - Pitching for Odessa Cowhands : LHP Patricio Rodríguez
Batting: LHB Ambrosio Manjarres 0-0: Ball
1-0: Ball
2-0: Called Strike
2-1: SINGLE (Line Drive, 3D, EV 153 KM/H)
Batting: RHB John Yates 0-0: Sac Bunt to 13S - play at first, batter OUT! 1-3
Ambrosio Manjarres to second
Batting: RHB Pat Taylor 0-0: Ball
1-0: Ball
2-0: Called Strike
2-1: Ball
3-1: SINGLE (Line Drive, 78M, EV 174 KM/H)
Ambrosio Manjarres to third
Runner from 3rd tries for Home, SAFE, throw by LF to home
Batting: RHB Gabriel Ávila 0-0: Ball
1-0: Foul Ball, location: 2F
1-1: Ground out 4-3 (Groundball, 34S, EV 143 KM/H)
Pat Taylor to second
Batting: RHB Ernesto Espino 0-0: Ball
1-0: Ground out 6-3 (Groundball, 6, EV 173 KM/H)
Top of the 6th over - 1 run, 2 hits, 0 errors, 1 left on base; El Paso 4 - Odessa 2
BOTTOM OF THE 6TH
Odessa Cowhands batting - Pitching for El Paso Finos : RHP Salomón Salazar
Batting: SHB Esdras Jiménez 0-0: Ground out 4-3 (Groundball, 4, EV 172 KM/H)
Batting: RHB Aristarco Luiz 0-0: Foul Ball, location: 5SF
0-1: Ball
1-1: Foul Ball, location: 7LMF
1-2: Ball
2-2: SINGLE (Line Drive, 3D, EV 157 KM/H)
Batting: RHB Gerardo Vázquez 0-0: Foul Ball, location: 25FF
0-1: Ball
1-1: Fly out, F4 (Popup, 4S, EV 122 KM/H)
Batting: RHB Eligio Ortiz 0-0: Called Strike
Aristarco Luiz steals 2nd base
0-1: Swinging Strike
0-2: SINGLE (Flyball, 4MD, EV 153 KM/H)
Aristarco Luiz to third
Runner from 3rd tries for Home, SAFE, throw by CF to home
Batting: RHB Tibulo Piñeda 0-0: Ball
1-0: Swinging Strike
1-1: Reached on error, E6 (Groundball, 6, EV 162 KM/H)
Eligio Ortiz to second
Batting: RHB Adrián Méndez 0-0: Called Strike
0-1: Fielders Choice at 2nd, 5-4 (Groundball, 56, EV 132 KM/H)
Bottom of the 6th over - 1 run, 2 hits, 1 error, 2 left on base; El Paso 4 - Odessa 3
TOP OF THE 7TH
El Paso Finos batting - Pitching for Odessa Cowhands : LHP Patricio Rodríguez
Batting: SHB Lisco Velasco 0-0: Ball
1-0: Foul Ball, location: 3SF
1-1: Swinging Strike
1-2: Ball
2-2: Hit by Pitch
Batting: RHB Félix Torres 0-0: Ball
1-0: Ball
2-0: Ball
3-0: Called Strike
3-1: Called Strike
3-2: SINGLE (Line Drive, 6MD, EV 151 KM/H)
Lisco Velasco to second
Batting: LHB Gerardo de los Santos 0-0: Ball
1-0: Ball
2-0: Called Strike
2-1: Foul Ball, location: 5DF
2-2: Fly out, F9 (Flyball, 89XD, EV 156 KM/H)
Runner from 2nd tags up, SAFE at 3rd, no throw by RF
Batting: LHB Luciano Yáñez 0-0: Called Strike
0-1: Ball
1-1: Foul Ball, location: 2F
1-2: Foul Ball, location: 2F
1-2: Fly out, F6 (Line Drive, 5, EV 107 KM/H)
Lined into DP, 6-5 (Line Drive, 5, EV 107 KM/H)
Top of the 7th over - 0 runs, 1 hit, 0 errors, 1 left on base; El Paso 4 - Odessa 3
BOTTOM OF THE 7TH
Odessa Cowhands batting - Pitching for El Paso Finos : RHP Salomón Salazar
Pinch Hitting: RHB Alberto Espinosa 0-0: Ball
1-0: Called Strike
1-1: Ball
2-1: Foul Ball, location: 2F
2-2: Strikes out swinging
Batting: LHB Alfredo Fuentes 0-0: Called Strike
0-1: Foul Ball, location: 5F
0-2: Foul Ball, location: 2F
0-2: Fly out, F6 (Popup, 56, EV 104 KM/H)
Batting: SHB Isaac May 0-0: Called Strike
0-1: Ball
1-1: Ball
2-1: Fly out, F4 (Line Drive, 4, EV 109 KM/H)
Bottom of the 7th over - 0 runs, 0 hits, 0 errors, 0 left on base; El Paso 4 - Odessa 3
TOP OF THE 8TH
El Paso Finos batting - Pitching for Odessa Cowhands : LHP Patricio Rodríguez
Now at 2B: Filóxenos Ruiz
Batting: LHB Ambrosio Manjarres 0-0: Ball
1-0: Foul Ball, location: 23F
1-1: Ball
2-1: Ground out 6-3 (Groundball, 6, EV 135 KM/H)
Batting: RHB John Yates 0-0: Ball
1-0: SINGLE (Line Drive, 7S, EV 178 KM/H)
Batting: RHB Pat Taylor 0-0: Called Strike
0-1: Fly out, F3 (Popup, 34S, EV 118 KM/H)
Batting: RHB Gabriel Ávila 0-0: Called Strike
0-1: Ball
1-1: Ground out 3-1 (Groundball, 34, EV 134 KM/H)
Top of the 8th over - 0 runs, 1 hit, 0 errors, 1 left on base; El Paso 4 - Odessa 3
BOTTOM OF THE 8TH
Odessa Cowhands batting - Pitching for El Paso Finos : RHP Salomón Salazar
Batting: SHB Esdras Jiménez 0-0: Foul Ball, location: 5F
0-1: Swinging Strike
0-2: Ball
1-2: Strikes out swinging
Pinch Hitting: LHB Norberto Gamboa 0-0: Foul Ball, location: 2F
0-1: Ball
1-1: Called Strike
1-2: Foul Ball, location: 2F
1-2: Ball
2-2: Foul Ball, location: 23FF
2-2: SINGLE (Flyball, 89D, EV 163 KM/H)
Batting: LHB Leónidas González 0-0: Ball
1-0: Ball
2-0: Ball
3-0: Called Strike
3-1: Fielders Choice at 2nd, 5-4 (Groundball, 5, EV 121 KM/H)
Batting: RHB Eligio Ortiz 0-0: Called Strike
0-1: Ball
1-1: Foul Ball, location: 9LDF
1-2: Ball
2-2: Foul Ball, location: 3FF
2-2: Ball
3-2: Base on Balls
Leónidas González to second
Pinch Hitting: SHB Remigio Fuentes 0-0: Foul Ball, location: 7LMF
0-1: Swinging Strike
0-2: Strikes out swinging
Bottom of the 8th over - 0 runs, 1 hit, 0 errors, 2 left on base; El Paso 4 - Odessa 3
TOP OF THE 9TH
El Paso Finos batting - Pitching for Odessa Cowhands : LHP Patricio Rodríguez
Now at 3B: Norberto Gamboa
Now in LF: Remigio Fuentes
Now in CF: Alfredo Fuentes
Batting: RHB Ernesto Espino 0-0: Called Strike
0-1: Ground out 1-3 (Groundball, 34S, EV 98 KM/H)
Pinch Hitting: LHB Vicente García 0-0: Swinging Strike
0-1: Called Strike
0-2: Ball
1-2: Ball
2-2: Foul Ball, location: 2F
2-2: Foul Ball, location: 2F
2-2: Ball
3-2: Base on Balls
Batting: RHB Félix Torres 0-0: Fly out, F6 (Popup, 6D, EV 87 KM/H)
Batting: LHB Gerardo de los Santos 0-0: Called Strike
0-1: Ball
1-1: SINGLE (Line Drive, 89S, EV 137 KM/H)
Vicente García to second
Batting: RHB Diego Giraldo 0-0: SINGLE (Line Drive, 3D, EV 153 KM/H)
Vicente García to third
Gerardo de los Santos to second
Runner from 3rd tries for Home, SAFE, throw by RF to home
Pinch Hitting: LHB Igor Nieves 0-0: Foul Ball, location: 9LSF
0-1: Called Strike
0-2: Foul Ball, location: 7LSF
0-2: Ball
1-2: Foul Ball, location: 5FF
1-2: Strikes out swinging
Top of the 9th over - 1 run, 2 hits, 0 errors, 2 left on base; El Paso 5 - Odessa 3
BOTTOM OF THE 9TH
Odessa Cowhands batting - Pitching for El Paso Finos : RHP Salomón Salazar
Now at 3B: Julián Martínez
Now in RF: Álvaro Torres
Pinch Hitting: LHB Blake Rich 0-0: Ball
1-0: Called Strike
1-1: SINGLE (Line Drive, 6D, EV 159 KM/H)
Batting: RHB Filóxenos Ruiz 0-0: Reached on error, E4 (Groundball, 4, EV 123 KM/H)
Blake Rich to third
Batting: LHB Alfredo Fuentes 0-0: Ball
1-0: SINGLE (Groundball, 34D, EV 157 KM/H)
Blake Rich scores
Filóxenos Ruiz to third
Runner from 3rd tries for Home, SAFE, throw by RF to home
Alfredo Fuentes to second
Batting: SHB Isaac May 0-0: Ball
1-0: Ball
2-0: Ball
3-0: Called Strike
3-1: Bunted foul
3-2: Foul Ball, location: 7LMF
3-2: Foul Ball, location: 5F
3-2: Foul Ball, location: 9LSF
3-2: Ground out 6-3 (Groundball, 6, EV 134 KM/H)
Alfredo Fuentes to third
Batting: SHB Esdras Jiménez 0-0: Ball
1-0: Called Strike
1-1: Foul Ball, location: 2F
1-2: SINGLE (Line Drive, 89M, EV 156 KM/H)
Alfredo Fuentes scores
Bottom of the 9th over - 3 runs, 3 hits, 1 error, 1 left on base; El Paso 5 - Odessa 6
Tuesday, January 28th , 2025 - OOTP Baseball 25.11 Build 100